 Dungeon Crawl Stone Soup version 0.23.2-30-g0e89c35649 (webtiles) character file.

Game seed: 869248723044388589

1141 sankara the Conjurer (level 8, -6/57 HPs)
             Began as a Purple Draconian Conjurer on June 7, 2019.
             Was an Initiate of Dithmenos.
             Mangled by a wyvern (14 damage)
             ... on level 6 of the Dungeon.
             The game lasted 00:28:27 (7850 turns).

sankara the Conjurer (Purple Draconian Conjurer)    Turns: 7850, Time: 00:28:28

Health: -6/57      AC:  9    Str: 15    XL:     8   Next: 14%
Magic:  10/25      EV: 12    Int: 18    God:    Dithmenos [......]
Gold:   198        SH:  0    Dex: 12    Spells: 6/18 levels left

rFire    . . .     SeeInvis .   a - +3 dagger (speed)
rCold    . . .     Gourm    .   (no shield)
rNeg     . . .     Faith    .   (armour unavailable)
rPois    .         Spirit   .   (helmet restricted)
rElec    .         Reflect  .   (no cloak)
rCorr    .         Harm     .   (no gloves)
MR       +....                  w - +2 pair of boots
Stlth    ++........             (no amulet)
HPRegen  0.19/turn              p - +5 ring of strength
MPRegen  0.19/turn              r - ring of magical power {MP+9}

@: very slightly contaminated
A: breathe power, unfitting armour, cold-blooded, AC +6
a: Breathe Dispelling Energy, Renounce Religion


You were on level 6 of the Dungeon.
You worshipped Dithmenos.
Dithmenos was noncommittal.
You were hungry.

You visited 2 branches of the dungeon, and saw 7 of its levels.

You collected 198 gold pieces.

Inventory:

Hand Weapons
 a - a +3 dagger of speed (weapon)
   (You took it off Ijyb on level 4 of the Dungeon)
 o - a +0 dagger of freezing
   (You found it on level 1 of the Dungeon)
Missiles
 g - 186 stones (quivered)
Armour
 w - a +2 pair of boots (worn)
   (You found it on level 6 of the Dungeon)
Jewellery
 j - an uncursed ring of see invisible {sInv, !d}
   (You found it on level 2 of the Dungeon)
 p - a +5 ring of strength (left hand)
   (You found it on level 4 of the Dungeon)
 r - a ring of magical power (right hand) {MP+9}
   (You found it on level 4 of the Dungeon)
 v - an uncursed ring of teleportation {+/*tele, !d}
   (You found it on level 4 of the Dungeon)
Wands
 l - a wand of scattershot (4)
   (You took it off Ijyb on level 4 of the Dungeon)
Scrolls
 d - 3 scrolls of immolation {unknown}
 e - 6 scrolls of identify
 f - 5 scrolls of remove curse
 i - 2 scrolls of fog {unknown}
 s - a scroll of magic mapping {unknown}
 u - a scroll of enchant weapon {unknown}
Potions
 c - 3 potions of might
 h - 3 potions of brilliance {unknown}
 k - a potion of agility
 m - 3 potions of heal wounds
 n - a potion of invisibility {unknown}
 q - a potion of flight {unknown}
 t - a potion of haste {unknown}
 x - a potion of magic {unknown}
 z - a potion of lignification {unknown}
Comestibles
 b - 9 rations
 A - a chunk of flesh {@w0}


   Skills:
 + Level 2.3 Short Blades
 - Level 1.7 Dodging
 + Level 3.6 Stealth
 + Level 5.5 Spellcasting
 * Level 7.8 Conjurations
 + Level 3.0 Hexes


You had 6 spell levels left.
You knew the following spells:

 Your Spells              Type           Power        Failure   Level  Hunger
a - Magic Dart            Conj           ####         1%          1    None
b - Dazzling Spray        Conj/Hex       ###...       4%          3    ##.....
c - Iskenderun's Mystic   Conj           ####....     4%          4    ####...
d - Fulminant Prism       Conj/Hex       ###.......   13%         4    ####...

Your spell library contained the following spells:

 Spells                   Type           Power        Failure   Level  Hunger
 Searing Ray              Conj           ####..       1%          2    None
 Force Lance              Conj/Tloc      ###.....     26%         4    ####...


Dungeon Overview and Level Annotations

Branches:
Dungeon (6/15)             Temple (1/1) D:6

Altars:
Ashenzari
Cheibriados
Dithmenos
Elyvilon
Fedhas
Gozag
Hepliaklqana
Kikubaaqudgha
Makhleb
Nemelex Xobeh
Okawaru
Qazlal
Ru
Sif Muna
Trog
Uskayaw
Wu Jian
Xom
Yredelemnul
Zin
The Shining One


Innate Abilities, Weirdness & Mutations

You can breathe bolts of dispelling energy.
Your rich purple scales are hard. (AC +6)
You cannot fit into any form of body armour.
You are cold-blooded and may be slowed by cold attacks.


Message History

There is a fountain of clear blue water here.
You are feeling very hungry.
There is a fountain of clear blue water here.
Key pressed, stopping explore.
There is a fountain of clear blue water here.
There is a fountain of clear blue water here.
There is a fountain of clear blue water here.
There is a fountain of clear blue water here.
Key pressed, stopping explore.
There is a fountain of clear blue water here.
There is a fountain of clear blue water here.
There is a fountain of clear blue water here.
There is a fountain of clear blue water here.
There is a fountain of clear blue water here.
Key pressed, stopping explore.
There is a fountain of clear blue water here.
There is a fountain of clear blue water here.
There is a fountain of clear blue water here.
There is a fountain of clear blue water here.
Key pressed, stopping explore.
There is a fountain of clear blue water here.
Partly explored, can't reach some places.
Partly explored, can't reach some places.
Partly explored, can't reach some places.
Partly explored, can't reach some places.
Partly explored, can't reach some places.
Partly explored, can't reach some places.
Unknown command.
There is a shadowy altar of Dithmenos here.
There is a shadowy altar of Dithmenos here.
You kneel at the altar of Dithmenos.
Dithmenos welcomes you!
There is a staircase back to the Dungeon here.
You climb upwards.
Welcome back to the Dungeon!
There is a staircase to the Ecumenical Temple here.
You enter the shallow water.
Moving in this stuff is going to be slow.
A leopard gecko comes into view.
You see here 12 gold pieces.
You now have 198 gold pieces (gained 12).
The helpless leopard gecko fails to defend itself.
You impale the leopard gecko!!
You kill the leopard gecko!
Dithmenos accepts your kill.
You see here a leopard gecko corpse.
You butcher the leopard gecko corpse.
A - 2 chunks of flesh {@w0} You see here a leopard gecko skeleton.
Eating one of 2 chunks of flesh {@w0}.
You eat one of the 2 chunks of flesh {@w0}.
This raw flesh tastes terrible.
A wyvern comes into view.
A wyvern is nearby!
The helpless wyvern fails to defend itself.
You puncture the wyvern!
The wyvern is severely wounded.
The wyvern bites you!
Casting: Magic Dart (safe; 1% risk of failure)
Confirm with . or Enter, or press ? or * to list all spells.
Aiming: Dazzling Spray (safe; 4% risk of failure)
Press: ? - help, Shift-Dir - straight line, f - wyvern
Aim: a wyvern (severely wounded)
The spray of energy misses the wyvern.
You are feeling hungry.
The wyvern bites you! The wyvern bites you.
Casting: Dazzling Spray (safe; 4% risk of failure)
Confirm with . or Enter, or press ? or * to list all spells.
Aiming: Dazzling Spray (safe; 4% risk of failure)
Press: ? - help, Shift-Dir - straight line, f/p - wyvern
Aim: a wyvern (severely wounded)
The spray of energy hits the wyvern!
The wyvern is almost dead.
The wyvern closely misses you.
Casting: Dazzling Spray (safe; 4% risk of failure)
Confirm with . or Enter, or press ? or * to list all spells.
Aiming: Dazzling Spray (safe; 4% risk of failure)
Press: ? - help, Shift-Dir - straight line, f/p - wyvern
Aim: a wyvern (almost dead)
The spray of energy hits the wyvern but does no damage.
The wyvern is almost dead.
The wyvern bites you!
* * * LOW HITPOINT WARNING * * *
The wyvern bites you.
* * * LOW HITPOINT WARNING * * *
Casting: Dazzling Spray (safe; 4% risk of failure)
Confirm with . or Enter, or press ? or * to list all spells.
Aiming: Dazzling Spray (safe; 4% risk of failure)
Press: ? - help, Shift-Dir - straight line, f/p - wyvern
Aim: a wyvern (almost dead)
You miscast Dazzling Spray.
You are very lightly contaminated with residual magic.
You feel a strange surge of energy!
The wyvern bites you but does no damage.
Casting: Dazzling Spray (safe; 4% risk of failure)
Confirm with . or Enter, or press ? or * to list all spells.
Aiming: Dazzling Spray (safe; 4% risk of failure)
Press: ? - help, Shift-Dir - straight line, f/p - wyvern
Aim: a wyvern (almost dead)
The spray of energy misses the wyvern.
The wyvern bites you!
You die...

#..≈≈§§≈.........
##..§≈≈..........
.................
##...............
#........##############
#........# ###.......
#........# #......#
##........#####..l..#
#............#..@..?#
#........###..$...###
#........# ########
......÷..# .........#
.........# .###..####
.# #≈≈ # .###≈.≈#######


You could see a wyvern.

Vanquished Creatures
  An ogre (D:4)
  A centaur (D:5)
  Blork the orc (D:5)
  2 bullfrogs (D:4)
  A gnoll sergeant (D:5)
  A howler monkey (D:4)
  2 hounds (D:4)
  An orc priest (D:3)
  2 iguanas
  2 orc wizards (D:3)
  Jessica (D:2)
  Ijyb (D:4)
  5 worker ants
  A hound skeleton (D:4)
  A worker ant zombie (D:6)
  Robin (D:1)
  9 gnolls (D:5)
  5 adders
  2 oozes (D:2)
  An adder skeleton (D:6)
  2 worms
  2 dart slugs
  3 leopard geckos
  14 orcs
  7 bats
  4 giant cockroaches
  19 goblins
  12 hobgoblins
  13 jackals
  6 kobolds
  2 ball pythons
  7 frilled lizards
  3 rats
135 creatures vanquished.

Vanquished Creatures (others)
  3 fulminant prisms (D:5)
3 creatures vanquished.

Grand Total: 138 creatures vanquished

Notes
Turn   | Place    | Note
-------+----------+-------------------------------------------
     0 | D:1      | sankara the Draconian Conjurer began the quest for the Orb.
     0 | D:1      | Reached XP level 1. HP: 14/14 MP: 3/3
   264 | D:1      | Reached XP level 2. HP: 19/20 MP: 0/5
   927 | D:1      | Reached XP level 3. HP: 26/26 MP: 3/6
   932 | D:1      | Learned a level 3 spell: Dazzling Spray
  1266 | D:2      | Noticed Robin
  1334 | D:1      | Killed Robin
  1334 | D:1      | Reached skill level 5 in Conjurations
  1562 | D:2      | HP: 4/26 [hobgoblin/+0 club[Robin] (5)]
  1566 | D:2      | Reached XP level 4. HP: 5/33 MP: 0/8
  1842 | D:2      | Learned a level 4 spell: Iskenderun's Mystic Blast
  2356 | D:2      | Reached skill level 3 in Spellcasting
  2515 | D:2      | Noticed Jessica
  2522 | D:2      | Killed Jessica
  2764 | D:3      | Reached XP level 5. HP: 38/38 MP: 9/9
  2849 | D:3      | Reached skill level 2 in Stealth
  2857 | D:3      | HP: 9/38 [kobold/+0 short sword (2)]
  3133 | D:3      | Reached skill level 6 in Conjurations
  3146 | D:3      | HP: 6/38 [worm (12)]
  3985 | D:4      | Found Vaxos's Food Boutique.
  3985 | D:4      | Noticed Ijyb
  3997 | D:4      | Killed Ijyb
  3997 | D:4      | Reached XP level 6. HP: 17/45 MP: 2/11
  4253 | D:4      | Learned a level 4 spell: Fulminant Prism
  4673 | D:4      | Reached skill level 3 in Stealth
  4673 | D:4      | Reached skill level 1 in Hexes
  4837 | D:4      | Reached skill level 4 in Spellcasting
  4837 | D:4      | Your scales start taking on a rich purple colour.
  4837 | D:4      | Reached XP level 7. HP: 50/50 MP: 14/14
  4972 | D:4      | Reached skill level 1 in Short Blades
  4972 | D:4      | Reached skill level 7 in Conjurations
  5283 | D:4      | Reached skill level 5 in Spellcasting
  5283 | D:4      | Reached skill level 2 in Hexes
  5610 | D:5      | Entered Level 5 of the Dungeon
  6085 | D:5      | HP: 12/50 [gnoll/+0 flail (14)]
  6358 | D:5      | Reached skill level 2 in Short Blades
  6631 | D:5      | Noticed Blork the orc
  6649 | D:5      | Killed Blork the orc
  6649 | D:5      | Reached XP level 8. HP: 39/57 MP: 16/16
  6759 | D:5      | Reached skill level 3 in Hexes
  7565 | D:6      | Found a staircase to the Ecumenical Temple.
  7579 | Temple   | Entered the Ecumenical Temple
  7806 | Temple   | Became a worshipper of Dithmenos the Shadowed
  7848 | D:6      | HP: 11/57 [wyvern (14)]
  7850 | D:6      | Mangled by a wyvern

Skill      XL: |  1  2  3  4  5  6  7  8 |
---------------+-------------------------+-----
Conjurations   | 5 6 7 |  7.8
Spellcasting   | 3 4 5 |  5.5
Stealth        | 2 3 |  3.6
Hexes          | 1 2 3 |  3.0
Short Blades   | 2 |  2.3
Dodging        | |  1.7

Action                   |  1- 3 |  4- 6 |  7- 9 || total
-------------------------+-------+-------+-------++-------
Melee: Unarmed           |     2 |       |       ||     2
       Tailslap          |     4 |    19 |    14 ||    37
       Dagger            |    75 |   167 |   141 ||   383
Throw: Stone             |       |     8 |       ||     8
 Cast: Magic Dart        |    63 |    81 |    12 ||   156
       Dazzling Spray    |     1 |     6 |    42 ||    49
       Iskenderun's Myst |       |     1 |       ||     1
       Fulminant Prism   |       |       |     3 ||     3
  Use: Scroll            |       |       |     2 ||     2
 Stab: Sleeping          |       |     4 |     3 ||     7
       Invisible         |       |     1 |     6 ||     7
  Eat: Chunk             |     3 |    11 |    12 ||    26
Armor: Skin              |    22 |    53 |    21 ||    96
Dodge: Dodged            |    54 |   119 |    93 ||   266

Levels and vault maps discovered:
D:1:      dpeg_arrival_houses_and_road, layout_loops_ring
D:2:      layout_basic, first_ration, uniq_jessica, uniq_robin
D:3:      layout_basic, serial_bayou_crossing
D:4:      layout_basic, serial_shops, shop_fountains, uniq_ijyb
D:5:      layout_basic, uniq_blork_the_orc
D:6:      minmay_opposing_rooms, layout_basic, minmay_temple_entry_mist,
          serial_rivers, chequers_serial_rivers_micro_d,
          chequers_serial_rivers_micro_e, chequers_serial_rivers_room_a,
          chequers_serial_rivers_micro_c, chequers_serial_rivers_small_3
Temple:   nicolae_temple_the_god_donut

Table legend:
 A = Turns spent in this place as a percentage of turns spent in the entire game.
 B = Non-inter-level travel turns spent in this place as a percentage of non-inter-level travel turns spent in the entire game.
 C = Inter-level travel turns spent in this place as a percentage of turns spent in this place.
 D = Turns resting spent in this place as a percentage of non-inter-level travel turns spent in this place.
 E = Turns spent auto-exploring this place as a percentage of non-inter-level travel turns spent in this place.
 F = Non-inter-level travel turns spent in this place divided by the number of levels of this place that you've seen.
                   A       B       C       D       E      F
               +-------+-------+-------+-------+-------+----------------------
         Total | 100.0 | 100.0 |   2.9 |  37.0 |  45.0 | 1089.0
       Dungeon |  97.0 |  97.0 |   2.9 |  38.2 |  43.5 | 1232.3
        Temple |   3.0 |   3.0 |   3.4 |   0.0 |  95.2 | 229.0
               +-------+-------+-------+-------+-------+----------------------

Table legend:
 A = Kills in this place as a percentage of kills in entire the game.
 B = Kills by you in this place as a percentage of kills by you in the entire game.
 C = Kills by friends in this place as a percentage of kills by friends in the entire game.
 D = Other kills in this place as a percentage of other kills in the entire game.
 E = Experience gained in this place as a percentage of experience gained in the entire game.
 F = Experience gained in this place divided by the number of levels of this place that you have seen.
                   A       B       C       D       E      F
               +-------+-------+-------+-------+-------+----------------------
         Total | 100.0 | 100.0 |   N/A |   N/A | 100.0 | 232.9
       Dungeon | 100.0 | 100.0 |   N/A |   N/A | 100.0 | 271.7
               +-------+-------+-------+-------+-------+----------------------
